MAA
NORTONVILLE CHEROKEES @ SALEM MISFITS
07/21/2019
 
TOP OF THE 1ST
Nortonville Cherokees batting - Pitching for Salem Misfits : RHP Josh Parker
Pitching: RHP Josh Parker
Batting: LHB Sam Good 0-0: Swinging Strike
0-1: Swinging Strike
0-2: Foul Ball, location: 2F
0-2: Strikes out swinging
Batting: RHB Paco Vásquez 0-0: Swinging Strike
0-1: Called Strike
0-2: Strikes out looking
Batting: RHB Roy Childress 0-0: Called Strike
0-1: Ball
1-1: SOLO HOME RUN (Flyball, 78XD), Distance : 421 ft
Batting: LHB Sergio Muñóz 0-0: Ball
1-0: Called Strike
1-1: Ball
2-1: Fly out, F7 (Flyball, 7S)
Top of the 1st over - 1 run(s), 1 hit(s), 0 error(s), 0 left on base; Nortonville 1 - Salem 0
BOTTOM OF THE 1ST
Salem Misfits batting - Pitching for Nortonville Cherokees : RHP Ed Day
Pitching: RHP Ed Day
Batting: SHB Alonso Márquez 0-0: Bunted foul
0-1: Ball
1-1: Fly out, F8 (Flyball, 8LM)
Batting: LHB Júlio Valentín 0-0: Called Strike
0-1: Ball
1-1: Ground out 3-1 (Groundball, 3)
Batting: RHB Domingo Navarro 0-0: Called Strike
0-1: Ball
1-1: Ground out 6-3 (Groundball, 6M)
Bottom of the 1st over - 0 run(s), 0 hit(s), 0 error(s), 0 left on base; Nortonville 1 - Salem 0
TOP OF THE 2ND
Nortonville Cherokees batting - Pitching for Salem Misfits : RHP Josh Parker
Batting: RHB Chris Oudekirk 0-0: Ball
1-0: Ball
2-0: Called Strike
2-1: SINGLE (Line Drive, 78S)
Batting: RHB Javier Chávez 0-0: Called Strike
0-1: Called Strike
0-2: DOUBLE (Line Drive, 78M)
Chris Oudekirk to third
Batting: RHB Víctor López 0-0: Called Strike
0-1: Foul Ball, location: 2F
0-2: SINGLE (Groundball, 56D)
Chris Oudekirk scores
Javier Chávez to third
Batting: RHB Armando Alvarado 0-0: Ball
1-0: Fly out, F9 (Flyball, 9M)
Runner from 3rd tags up, SCORES, no throw
Batting: LHB Sean Booth 0-0: Ball
1-0: DOUBLE (Line Drive, 9LM)
Víctor López to third
Runner from 3rd tries for Home, SAFE, no throw or cutoff
Batting: LHB Sam Good 0-0: SINGLE (Groundball, 34D)
Sean Booth to third
Runner from 3rd tries for Home, SAFE, throw made home
Sam Good to second
Batting: RHB Paco Vásquez 0-0: Called Strike
0-1: Ball
1-1: Ball
2-1: Foul Ball, location: 2F
2-2: Fly out, F5 (Line Drive, 56)
Batting: RHB Roy Childress 0-0: Ball
1-0: Called Strike
1-1: SINGLE (Popup, 6M)
Sam Good to third
Runner from 3rd tries for Home, throw and OUT!
Top of the 2nd over - 4 run(s), 6 hit(s), 0 error(s), 1 left on base; Nortonville 5 - Salem 0
BOTTOM OF THE 2ND
Salem Misfits batting - Pitching for Nortonville Cherokees : RHP Ed Day
Batting: RHB John Townsend 0-0: Called Strike
0-1: Called Strike
0-2: Foul Ball, location: 2F
0-2: Ball
1-2: Strikes out swinging
Batting: RHB Alfredo Martínez 0-0: Ball
1-0: Called Strike
1-1: SINGLE (Groundball, 4MD)
Batting: RHB Jong-duk Kim 0-0: Swinging Strike
0-1: Ball
Pickoff Throw to First - Out!
1-1: Ball
2-1: Ball
3-1: Called Strike
3-2: Fly out, F4 (Popup, 6MS)
Bottom of the 2nd over - 0 run(s), 1 hit(s), 0 error(s), 0 left on base; Nortonville 5 - Salem 0
TOP OF THE 3RD
Nortonville Cherokees batting - Pitching for Salem Misfits : RHP Josh Parker
Batting: LHB Sergio Muñóz 0-0: Ball
1-0: Ball
2-0: Ball
3-0: Called Strike
3-1: Fly out, F4 (Line Drive, 4)
Batting: RHB Chris Oudekirk 0-0: Swinging Strike
0-1: Ball
1-1: Swinging Strike
1-2: Foul Ball, location: 2F
1-2: Ball
2-2: SOLO HOME RUN (Flyball, 7D), Distance : 388 ft
Pitching: RHP Sid Brown
Batting: RHB Javier Chávez 0-0: Ball
1-0: Ball
2-0: Foul Ball, location: 2F
2-1: Ball
3-1: SINGLE (Line Drive, 6M)
Batting: RHB Víctor López 0-0: Foul Ball, location: 2F
0-1: Foul Ball, location: 2F
0-2: Foul Ball, location: 2F
0-2: Ball
1-2: Foul Ball, location: 2F
1-2: Ball
2-2: Ball
3-2: Strikes out swinging
Batting: RHB Armando Alvarado 0-0: Foul Ball, location: 2F
0-1: Foul Ball, location: 2F
0-2: Strikes out swinging
Top of the 3rd over - 1 run(s), 2 hit(s), 0 error(s), 1 left on base; Nortonville 6 - Salem 0
BOTTOM OF THE 3RD
Salem Misfits batting - Pitching for Nortonville Cherokees : RHP Ed Day
Batting: RHB Will Robinson 0-0: Foul Ball, location: 2F
0-1: Called Strike
0-2: Ball
1-2: Ball
2-2: Strikes out swinging
Batting: SHB Emílio Gonzáles 0-0: Ground out U3 (Groundball, 3S)
Batting: SHB Arturo Romero 0-0: Swinging Strike
0-1: Ball
1-1: Ball
2-1: DOUBLE (Flyball, 7D)
Batting: SHB Alonso Márquez 0-0: Ball
1-0: Called Strike
1-1: Called Strike
1-2: Foul Ball, location: 2F
1-2: Foul Ball, location: 2F
1-2: Ball
2-2: Foul Ball, location: 2F
2-2: DOUBLE (Groundball, 3L)
Arturo Romero scores
Batting: LHB Júlio Valentín 0-0: Ball
1-0: SINGLE (Line Drive, 9LS)
Alonso Márquez to third
Runner from 3rd tries for Home, SAFE, no throw or cutoff
Batting: RHB Domingo Navarro 0-0: Called Strike
0-1: Ball
1-1: Ball
2-1: Foul Ball, location: 2F
2-2: SINGLE (Groundball, 56D)
Júlio Valentín to second
Batting: RHB John Townsend 0-0: Foul Ball, location: 2F
0-1: Fly out, F9 (Flyball, 9LM)
Bottom of the 3rd over - 2 run(s), 4 hit(s), 0 error(s), 2 left on base; Nortonville 6 - Salem 2
TOP OF THE 4TH
Nortonville Cherokees batting - Pitching for Salem Misfits : RHP Sid Brown
Batting: LHB Sean Booth 0-0: Called Strike
0-1: Ball
1-1: Ball
2-1: Ball
3-1: Foul Ball, location: 2F
3-2: Base on Balls
Batting: LHB Sam Good 0-0: Foul Ball, location: 2F
0-1: Swinging Strike
0-2: Ball
1-2: Ball
2-2: Fielders Choice at 2nd, 4-6 (Groundball, 4)
Batting: RHB Paco Vásquez 0-0: Ball
Sam Good is caught stealing 2nd base
1-0: SINGLE (Line Drive, 6M)
Batting: RHB Roy Childress 0-0: Called Strike
0-1: SINGLE (Line Drive, 89M)
Paco Vásquez to second
Batting: LHB Sergio Muñóz 0-0: SINGLE (Groundball, 34)
Paco Vásquez to third
Roy Childress to second
Runner from 3rd tries for Home, SAFE, throw made home
Batting: RHB Chris Oudekirk 0-0: Foul Ball, location: 2F
0-1: Foul Ball, location: 2F
0-2: Fly out, F3 (Popup, 34)
Top of the 4th over - 1 run(s), 3 hit(s), 0 error(s), 2 left on base; Nortonville 7 - Salem 2
BOTTOM OF THE 4TH
Salem Misfits batting - Pitching for Nortonville Cherokees : RHP Ed Day
Batting: RHB Alfredo Martínez 0-0: Ground out 4-3 (Groundball, 4M)
Batting: RHB Jong-duk Kim 0-0: Ball
1-0: Ball
2-0: SINGLE (Groundball, 6MD)
Batting: RHB Will Robinson 0-0: Foul Ball, location: 2F
0-1: Ball
1-1: Ball
2-1: Called Strike
2-2: Ground out 2-3 (Groundball, 25)
Jong-duk Kim to second
Batting: SHB Emílio Gonzáles 0-0: Called Strike
0-1: Ball
1-1: Foul Ball, location: 2F
1-2: Ball
2-2: Strikes out swinging
Bottom of the 4th over - 0 run(s), 1 hit(s), 0 error(s), 1 left on base; Nortonville 7 - Salem 2
TOP OF THE 5TH
Nortonville Cherokees batting - Pitching for Salem Misfits : RHP Sid Brown
Batting: RHB Javier Chávez 0-0: Foul Ball, location: 2F
0-1: Called Strike
0-2: Ball
1-2: Ball
2-2: SINGLE (Line Drive, 78M)
Batting: RHB Víctor López 0-0: Called Strike
0-1: SINGLE (Groundball, 5)
Javier Chávez to second
Batting: RHB Armando Alvarado 0-0: Called Strike
0-1: Swinging Strike
0-2: Ball
1-2: Ball
2-2: Strikes out swinging
Pitching: RHP Rory Robinson
Batting: LHB Sean Booth 0-0: Foul Ball, location: 2F
0-1: Ball
1-1: Ball
2-1: Ball
3-1: Base on Balls
Javier Chávez to third
Víctor López to second
Batting: LHB Sam Good 0-0: Foul Ball, location: 2F
0-1: Swinging Strike
0-2: Strikes out swinging
Batting: RHB Paco Vásquez 0-0: Swinging Strike
0-1: Ball
1-1: Ball
2-1: Swinging Strike
2-2: Foul Ball, location: 2F
2-2: Foul Ball, location: 2F
2-2: Strikes out looking
Top of the 5th over - 0 run(s), 2 hit(s), 0 error(s), 3 left on base; Nortonville 7 - Salem 2
BOTTOM OF THE 5TH
Salem Misfits batting - Pitching for Nortonville Cherokees : RHP Ed Day
Batting: SHB Arturo Romero 0-0: Called Strike
0-1: Swinging Strike
0-2: Strikes out swinging
Batting: SHB Alonso Márquez 0-0: Ball
1-0: Called Strike
1-1: Ball
2-1: Bunted foul
2-2: Foul Ball, location: 2F
2-2: Foul Ball, location: 2F
2-2: Foul Ball, location: 2F
2-2: Ball
3-2: Base on Balls
Batting: LHB Júlio Valentín 0-0: Called Strike
Alonso Márquez is caught stealing 2nd base
0-1: Swinging Strike
0-2: Ball
1-2: Strikes out swinging
Bottom of the 5th over - 0 run(s), 0 hit(s), 0 error(s), 0 left on base; Nortonville 7 - Salem 2
TOP OF THE 6TH
Nortonville Cherokees batting - Pitching for Salem Misfits : RHP Rory Robinson
Batting: RHB Roy Childress 0-0: Swinging Strike
0-1: Ground out 1-3 (Groundball, 25)
Batting: LHB Sergio Muñóz 0-0: Foul Ball, location: 2F
0-1: Ball
1-1: Foul Ball, location: 2F
1-2: Strikes out swinging
Batting: RHB Chris Oudekirk 0-0: Ball
1-0: Called Strike
1-1: Ball
2-1: Ball
3-1: Foul Ball, location: 2F
3-2: Strikes out looking
Top of the 6th over - 0 run(s), 0 hit(s), 0 error(s), 0 left on base; Nortonville 7 - Salem 2
BOTTOM OF THE 6TH
Salem Misfits batting - Pitching for Nortonville Cherokees : RHP Ed Day
Batting: RHB Domingo Navarro 0-0: Ball
1-0: Ball
2-0: DOUBLE (Flyball, 89D)
Batting: RHB John Townsend 0-0: Ball
1-0: Called Strike
1-1: Foul Ball, location: 2F
1-2: Ball
2-2: Strikes out swinging
Batting: RHB Alfredo Martínez 0-0: Foul Ball, location: 2F
0-1: Ball
1-1: Foul Ball, location: 2F
1-2: Reached on error, E6 (Groundball, 6)
Domingo Navarro to third
Batting: RHB Jong-duk Kim 0-0: Ball
1-0: Grounds into double play, 4-6-3 (Groundball, 4)
Bottom of the 6th over - 0 run(s), 1 hit(s), 1 error(s), 1 left on base; Nortonville 7 - Salem 2
TOP OF THE 7TH
Nortonville Cherokees batting - Pitching for Salem Misfits : RHP Rory Robinson
Batting: RHB Javier Chávez 0-0: Fly out, F9 (Flyball, 9M)
Pitching: RHP Sean LeBlanc
Batting: RHB Víctor López 0-0: Foul Ball, location: 2F
0-1: Fly out, F8 (Flyball, 8LM)
Batting: RHB Armando Alvarado 0-0: Ball
1-0: Swinging Strike
1-1: Ball
2-1: Foul Ball, location: 2F
2-2: Ground out 5-3 (Groundball, 5)
Top of the 7th over - 0 run(s), 0 hit(s), 0 error(s), 0 left on base; Nortonville 7 - Salem 2
BOTTOM OF THE 7TH
Salem Misfits batting - Pitching for Nortonville Cherokees : RHP Ed Day
Now at SS: Armando González
Batting: RHB Will Robinson 0-0: Called Strike
0-1: SINGLE (Groundball, 34)
Batting: SHB Emílio Gonzáles 0-0: Ball
1-0: Foul Ball, location: 2F
1-1: Ball
2-1: Foul Ball, location: 2F
2-2: Ball
3-2: SINGLE (Line Drive, 89S)
Will Robinson to second
Will Robinson to third
Batting: SHB Arturo Romero 0-0: Called Strike
0-1: Foul Ball, location: 2F
0-2: Ball
1-2: DOUBLE (Line Drive, 9LS)
Will Robinson scores
Emílio Gonzáles to third
Pitching: RHP Carlos Valentín
Batting: SHB Alonso Márquez 0-0: Fly out, F7 (Flyball, 78S)
Batting: LHB Júlio Valentín 0-0: Foul Ball, location: 2F
0-1: Hit by Pitch
Batting: RHB Domingo Navarro 0-0: Called Strike
0-1: Called Strike
0-2: Ball
1-2: Foul Ball, location: 2F
1-2: Fly out, F7 (Flyball, 78S)
Runner from 3rd tags up, SCORES, throw made
Batting: RHB John Townsend 0-0: Ball
1-0: Ball
2-0: Foul Ball, location: 2F
2-1: Ball
3-1: Base on Balls
Arturo Romero to third
Júlio Valentín to second
Batting: RHB Alfredo Martínez 0-0: Called Strike
0-1: Ball
1-1: Ball
2-1: GRAND SLAM HOME RUN (Flyball, 7D), Distance : 387 ft
Batting: RHB Jong-duk Kim 0-0: Ball
1-0: Ball
2-0: Foul Ball, location: 2F
2-1: Called Strike
2-2: Ball
3-2: SOLO HOME RUN (Flyball, 78XD), Distance : 412 ft
Batting: RHB Will Robinson 0-0: Swinging Strike
0-1: Ball
1-1: Foul Ball, location: 2F
1-2: SINGLE (Flyball, 6MD)
Pitching: RHP Roberto Cabrera
Batting: SHB Emílio Gonzáles 0-0: Called Strike
Throwing error on steal attempt, E2
Will Robinson to third
0-1: Fly out, F9 (Popup, 4D)
Bottom of the 7th over - 7 run(s), 6 hit(s), 1 error(s), 1 left on base; Nortonville 7 - Salem 9
TOP OF THE 8TH
Nortonville Cherokees batting - Pitching for Salem Misfits : RHP Sean LeBlanc
Now at 1B: Arlen King
Batting: LHB Sean Booth 0-0: Called Strike
0-1: Foul Ball, location: 2F
0-2: Ball
1-2: DOUBLE (Flyball, 89D)
Pitching: RHP Gabe Stephenson
Batting: LHB Sam Good 0-0: Ball
1-0: Ball
2-0: Ball
3-0: Base on Balls
Pitching: RHP Bryce Randolph
Pinch Hitting: RHB Claudio Torres 0-0: Ball
1-0: Ball
2-0: Called Strike
2-1: Ball
3-1: Called Strike
3-2: Foul Ball, location: 2F
3-2: Base on Balls
Sean Booth to third
Sam Good to second
Batting: RHB Roy Childress 0-0: Ball
1-0: Grounds into double play, U5-3 (Groundball, 5L)
Sean Booth scores
Claudio Torres to second
Batting: LHB Sergio Muñóz 0-0: Called Strike
0-1: Ball
1-1: Ball
2-1: Foul Ball, location: 2F
2-2: Ball
3-2: Foul Ball, location: 2F
3-2: Strikes out looking
Top of the 8th over - 1 run(s), 1 hit(s), 0 error(s), 1 left on base; Nortonville 8 - Salem 9
BOTTOM OF THE 8TH
Salem Misfits batting - Pitching for Nortonville Cherokees : RHP Roberto Cabrera
Now at 1B: Claudio Torres
Batting: SHB Arturo Romero 0-0: Called Strike
0-1: Called Strike
0-2: Foul Ball, location: 2F
0-2: Foul Ball, location: 2F
0-2: Strikes out swinging
Batting: SHB Alonso Márquez 0-0: Called Strike
0-1: Swinging Strike
0-2: Ball
1-2: Strikes out swinging
Batting: RHB Arlen King 0-0: Called Strike
0-1: Ball
1-1: Ball
2-1: Ball
3-1: Foul Ball, location: 2F
3-2: Foul Ball, location: 2F
3-2: Ground out 4-3 (Groundball, 4)
Bottom of the 8th over - 0 run(s), 0 hit(s), 0 error(s), 0 left on base; Nortonville 8 - Salem 9
TOP OF THE 9TH
Nortonville Cherokees batting - Pitching for Salem Misfits : RHP Bryce Randolph
Pitching: RHP Enrico Reséndez
Pinch Hitting: RHB Jim Unknown 0-0: SOLO HOME RUN (Flyball, 7D), Distance : 401 ft
Pinch Hitting: RHB Lane Hancock 0-0: Called Strike
0-1: Ball
1-1: Ball
2-1: Ball
3-1: Base on Balls
Batting: RHB Víctor López 0-0: Bunt missed!
0-1: Sac Bunt - play at first, batter OUT! 1-4
Lane Hancock to second
Pinch Hitting: RHB Thomas Morris 0-0: Intentional Walk
Pinch Hitting: LHB Jafar Taha 0-0: Ball
1-0: Foul Ball, location: 2F
1-1: Ball
2-1: Foul Ball, location: 2F
2-2: Ball
3-2: Fly out, F4 (Line Drive, 4)
Pinch Runner at 2nd Edén Mont:
Batting: LHB Sam Good 0-0: DOUBLE (Groundball, 3L)
Edén Mont scores
Thomas Morris to third
Runner from 3rd tries for Home, SAFE, no throw or cutoff
Pitching: RHP Jim Unknown
Batting: RHB Claudio Torres 0-0: Called Strike
0-1: Fly out, F9 (Flyball, 9LM)
Top of the 9th over - 3 run(s), 2 hit(s), 0 error(s), 1 left on base; Nortonville 11 - Salem 9
BOTTOM OF THE 9TH
Salem Misfits batting - Pitching for Nortonville Cherokees : RHP Roberto Cabrera
Pitching: LHP Santiago Mesa
Now at C: Louie McNeil
Now at 2B: Jim Unknown
Now at 3B: Ron Schneider
Now in CF: Edén Mont
Batting: RHB Domingo Navarro 0-0: Ball
1-0: Swinging Strike
1-1: SINGLE (Groundball, 5D)
Batting: RHB John Townsend 0-0: Ball
1-0: Called Strike
1-1: Foul Ball, location: 2F
1-2: Ball
2-2: SINGLE (Groundball, 6M)
Domingo Navarro to second
Batting: RHB Alfredo Martínez 0-0: Swinging Strike
0-1: Ball
1-1: Ball
2-1: Foul Ball, location: 2F
2-2: Foul Ball, location: 2F
2-2: Ball
3-2: Base on Balls
Domingo Navarro to third
John Townsend to second
Pinch Hitting: RHB Jim Unknown 0-0: Called Strike
0-1: Ball
1-1: Ball
2-1: Ball
3-1: Foul Ball, location: 2F
3-2: Foul Ball, location: 2F
3-2: Base on Balls
Domingo Navarro scores
John Townsend to third
Alfredo Martínez to second
Pinch Hitting: RHB José Casarreal 0-0: Ball
1-0: Called Strike
1-1: Foul Ball, location: 2F
1-2: Foul Ball, location: 2F
1-2: Strikes out swinging
Pinch Hitting: RHB Dan Finch 0-0: Ball
1-0: Grounds into double play, 3-2-3 (Groundball, 3S)
Bottom of the 9th over - 1 run(s), 2 hit(s), 0 error(s), 2 left on base; Nortonville 11 - Salem 10
This league is powered by Out of the Park Baseball, the baseball management simulation game for PC, Mac and Linux
Saturday, July 25th, 2015 - OOTP Baseball 15.6 Build 34